Map: Ruins of Endion

Players

blackxored - Winner!

  • Race: Zerg Zerg
  • League: Platinum

Ooluzx

  • Race: Zerg Zerg
  • League: Diamond

VOD

Have the link to the VOD?

Description

Time

  • Played on: June 27, 2016, 2:05 p.m.
  • Length: 12:50
Show
View Real Time Build Order
Export as new Build Order

blackxored Zerg - Winner!

Build Orders: Hatch First 

Get SALT Encoding   

  12  0:02  Drone  
  13  0:10  Drone  
  14  0:17  Overlord  
  14  0:24  Extractor  
  14  0:25  Drone  
  15  0:37  Drone  
  15  0:38  Drone  
  17  0:55  Hatchery  
  16  0:58  Drone  
  16  1:00  Drone  
  18  1:13  Extractor  
  18  1:16  Spawning Pool  
  16  1:18  Drone  
  16  1:20  Drone  
  18  1:28  Drone  
  19  1:40  Overlord  
  19  1:51  Drone  
  20  2:06  Zergling x2  
  20  2:07  Queen, Spine Crawler  
  22  2:08  Queen  
  22  2:11  Zergling x4  
  26  2:18  Drone  
  27  2:27  Metabolic Boost  
  28  2:35  Drone x2  
  28  2:36  Drone  
  31  2:41  Baneling Nest, Drone  
  31  3:04  Drone x4  
  35  3:10  Overlord  
  35  3:15  Hatchery  
  35  3:19  Drone x2  
  35  3:28  Drone x2  
  35  3:33  Zergling x10  
  35  3:34  Zergling x2  
  43  3:42  Zergling x2  
  43  3:43  Overlord  
  43  4:08  Baneling  
  43  4:10  Baneling x3  
  43  4:16  Overlord x3  
  43  4:19  Overlord x2  
  42  4:25  Lair  
  42  4:35  Drone x7  
  42  4:36  Drone x5  
  54  4:38  Extractor  
  54  4:40  Extractor  
  54  4:42  Spine Crawler  
  51  4:52  Extractor  
  50  4:53  Queen  
  52  5:00  Baneling  
  52  5:01  Baneling x4  
  52  5:12  Drone x3  
  55  5:18  Drone  
  55  5:20  Overlord x2  
  56  5:35  Zergling x20, Baneling x3  
  61  5:37  Queen  
  67  6:00  Spire  
  58  6:19  Drone  
  58  6:20  Drone x11  
  70  6:27  Overlord  
  70  6:38  Overlord  
  70  6:40  Overseer  
  70  6:51  Extractor  
  70  6:52  Drone x6  
  70  6:53  Drone  
  76  6:54  Extractor  
  76  6:55  Drone x2  
  76  6:56  Drone x4  
  81  7:02  Overlord  
  81  7:03  Drone  
  82  7:14  Mutalisk  
  82  7:15  Mutalisk x3  
  88  7:17  Zerg Flyer Armor Level 1  
  88  7:18  Mutalisk x2  
  88  7:19  Mutalisk x3  
  100  7:26  Mutalisk  
  102  7:30  Hatchery  
  101  7:45  Mutalisk x3  
  107  8:01  Infestation Pit, Drone  
  107  8:02  Drone x2, Evolution Chamber  
  107  8:04  Evolution Chamber  
  107  8:33  Zergling x34  
  121  8:35  Overlord  
  121  8:45  Hive  
  121  9:08  Zerg Melee Weapons Level 1, Zerg Ground Armor Level 1  
  121  9:10  Drone x2  
  121  9:11  Drone x4  
  121  9:12  Zergling x16  
  121  9:17  Baneling x31  
  135  9:18  Baneling x8  
  135  9:28  Overlord x4  
  135  9:42  Baneling x16  
  135  10:01  Extractor, Ultralisk Cavern  
  135  10:02  Overlord  
  133  10:10  Centrifical Hooks  
  133  10:13  Zergling x30  
  146  10:43  Drone x3  
  146  10:45  Extractor  
  146  10:47  Drone x5  
  146  10:48  Chitinous Plating  
  113  11:12  Queen  
  113  11:13  Ultralisk x2  
  113  11:14  Ultralisk x3  
  145  11:43  Ultralisk x2  
  153  11:53  Hatchery  
  152  11:55  Extractor x2  
  152  11:56  Zergling x20  
  152  11:58  Overlord x5  
Show
View Real Time Build Order
Export as new Build Order

Ooluzx Zerg 

Build Orders: Hatch First 

Get SALT Encoding   

  12  0:01  Drone  
  13  0:08  Drone  
  13  0:13  Extractor  
  13  0:18  Drone  
  15  0:24  Overlord  
  15  0:42  Drone x2  
  17  0:45  Drone  
  18  0:57  Hatchery  
  17  1:00  Drone  
  17  1:04  Extractor  
  17  1:07  Drone  
  18  1:19  Spawning Pool  
  18  1:23  Drone  
  18  1:30  Drone  
  19  1:38  Overlord  
  19  1:49  Drone  
  20  2:01  Drone  
  21  2:07  Metabolic Boost  
  21  2:08  Queen  
  21  2:10  Queen  
  21  2:13  Zergling x2  
  21  2:14  Zergling x2  
  27  2:26  Drone x2  
  29  2:36  Drone x2  
  31  2:58  Drone x3  
  33  2:59  Drone  
  33  3:01  Baneling Nest  
  33  3:02  Overlord  
  34  3:25  Overlord, Drone x2  
  34  3:26  Drone x5  
  41  3:40  Zergling x2  
  41  3:41  Zergling x4  
  44  3:43  Overlord  
  44  3:53  Overlord  
  44  4:01  Baneling x3  
  44  4:02  Hatchery  
  42  4:06  Zergling x10  
  42  4:07  Zergling x4  
  49  4:14  Spine Crawler  
  48  4:22  Zergling x8  
  50  4:27  Baneling x4  
  50  4:33  Roach Warren  
  49  4:42  Evolution Chamber  
  48  5:04  Hatchery  
  47  5:16  Overlord  
  47  5:17  Overlord, Drone  
  47  5:18  Drone x9  
  47  5:20  Lair  
  57  5:22  Zerg Missile Weapons Level 1  
  57  5:23  Extractor  
  57  5:24  Extractor  
  57  5:25  Drone x2  
  57  5:26  Extractor  
  56  5:54  Spore Crawler  
  42  6:16  Roach x10  
  62  6:26  Drone x3  
  62  6:29  Drone  
  62  6:31  Queen  
  68  6:47  Spore Crawler  
  68  6:49  Roach x4  
  68  6:50  Roach x3  
  68  6:51  Spore Crawler  
  68  6:54  Hydralisk Den  
  79  6:58  Overlord x2  
  79  7:00  Drone x5  
  84  7:02  Extractor  
  84  7:05  Extractor  
  84  7:06  Drone x3  
  85  7:10  Spore Crawler  
  84  7:17  Drone x3  
  87  7:23  Hydralisk, Muscular Augments  
  87  7:24  Hydralisk x3  
  95  7:36  Overlord  
  95  7:41  Zerg Missile Weapons Level 2  
  95  7:48  Hydralisk x5  
  105  7:57  Spore Crawler  
  104  8:00  Spore Crawler  
  104  8:03  Hydralisk  
  105  8:10  Overlord x3  
  105  8:11  Overlord  
  105  8:34  Hydralisk x5  
  105  8:35  Hydralisk x3  
  121  8:42  Overlord x2  
  121  8:47  Drone  
  122  9:01  Spore Crawler  
  121  9:10  Lurker Den  
  121  9:13  Overlord x2  
  121  9:16  Hydralisk  
  121  9:17  Hydralisk x3  
  129  9:36  Hydralisk x4  
  137  9:41  Hatchery  
  136  9:52  Hydralisk  
  136  9:53  Hydralisk x3, Spore Crawler  
  143  10:12  Overlord x3  
  143  10:25  Infestation Pit  
  140  10:30  Queen  
  140  10:31  Drone x4  
  140  10:32  Drone x6  
  152  10:43  Roach x4  
  72  11:04  Hydralisk  
  72  11:05  Hydralisk x5  
  72  11:08  Queen  
  80  11:29  Spore Crawler  
  80  11:32  Spore Crawler  
  76  11:33  Spore Crawler  
  68  11:48  Spore Crawler  
  68  11:49  Hydralisk x6  
  68  11:50  Hydralisk x3, Spore Crawler  
  68  11:51  Spore Crawler  
  79  12:04  Hydralisk  
  79  12:05  Hydralisk x5  
  89  12:19  Hydralisk  
  89  12:20  Hydralisk x2  
  93  12:31  Spore Crawler  
  93  12:32  Spore Crawler  
Tags
 
Add a new tag
Caveats
  • Supply blocks, unpowered buildings, or Contaminate may cause inaccurate times.
  • Supply counts are checked every 10 seconds.